| TOP OF THE 1ST |
|
Great Falls Voyagers batting - Pitching for Pulaski Yankees : RHP Alex Roman
|
|
Pitching: RHP Alex Roman
|
|
|
Batting: RHB Andy Cotton
|
0-0: Foul Ball, location: 2F 0-1: Swinging Strike 0-2: Ball 1-2: Strikes out swinging
|
|
Batting: RHB Russ Cornett
|
0-0: Ground out 1-3 (Groundball, 13S, EV 70.6 MPH)
|
|
Batting: SHB Rob Haney
|
0-0: Ball 1-0: Ball 2-0: Foul Ball, location: 2F 2-1: Ball 3-1: Base on Balls
|
|
Batting: RHB Billy Grubbs
|
0-0: DOUBLE (Groundball, 5L, EV 106.9 MPH) Rob Haney to third Runner from 3rd tries for Home, SAFE, throw by LF to home
|
|
Batting: RHB Mitch Cuadros
|
0-0: Called Strike 0-1: Hit by Pitch
|
|
Batting: RHB Tommy Ellington
|
0-0: Ball 1-0: Foul Ball, location: 2F 1-1: Ball 2-1: 3-RUN HOME RUN (Line Drive, 78XD, EV 105.0 MPH), Distance : 435 ft
|
|
Batting: RHB Brad Adams Jr.
|
0-0: Ball 1-0: Called Strike 1-1: Swinging Strike 1-2: Foul Ball, location: 2F 1-2: Strikes out looking
|
| Top of the 1st over - 4 runs, 2 hits, 0 errors, 0 left on base; Great Falls 4 - Pulaski 0 |
| BOTTOM OF THE 1ST |
|
Pulaski Yankees batting - Pitching for Great Falls Voyagers : RHP Juan Reyes
|
|
Pitching: RHP Juan Reyes
|
|
|
Batting: RHB Ken Stair
|
0-0: Ball 1-0: Reached via error on a dropped throw from SS, E3 (Groundball, 6, EV 90.6 MPH)
|
|
Batting: LHB Justin Short
|
0-0: Called Strike 0-1: Foul Ball, location: 2F 0-2: Ball 1-2: Ball 2-2: Ball 3-2: Grounds into double play, 4-6-3 (Groundball, 4M, EV 84.4 MPH)
|
|
Batting: LHB Carlos Palau
|
0-0: Ball 1-0: Ball 2-0: Called Strike 2-1: SINGLE (Line Drive, 89S, EV 95.0 MPH)
|
|
Batting: RHB Yasuoka Tsuda
|
0-0: Called Strike 0-1: Ball 1-1: Swinging Strike 1-2: Strikes out looking
|
| Bottom of the 1st over - 0 runs, 1 hit, 1 error, 1 left on base; Great Falls 4 - Pulaski 0 |
| TOP OF THE 2ND |
|
Great Falls Voyagers batting - Pitching for Pulaski Yankees : RHP Alex Roman
|
|
Batting: LHB Jose Pereyra
|
0-0: Called Strike 0-1: Ball 1-1: Swinging Strike 1-2: SINGLE (Line Drive, 6MD, EV 106.2 MPH)
|
|
Batting: RHB Enrique Gomez
|
0-0: Ball 1-0: Grounds out, U3 (Groundball, 3L, EV 84.4 MPH)
|
|
Batting: RHB Andy Cotton
|
0-0: Ball 1-0: Called Strike 1-1: Foul Ball, location: 2F 1-2: Fly out, F7 (Flyball, 78M, EV 91.9 MPH)
|
|
Batting: RHB Russ Cornett
|
0-0: Ground out 6-3 (Groundball, 6S, EV 86.9 MPH)
|
| Top of the 2nd over - 0 runs, 1 hit, 0 errors, 1 left on base; Great Falls 4 - Pulaski 0 |
| BOTTOM OF THE 2ND |
|
Pulaski Yankees batting - Pitching for Great Falls Voyagers : RHP Juan Reyes
|
|
Batting: RHB Michael Patterson
|
0-0: Swinging Strike 0-1: Foul Ball, location: 2F 0-2: Strikes out swinging
|
|
Batting: SHB Dylan Best
|
0-0: Called Strike 0-1: Ball 1-1: Ground out 4-3 (Groundball, 4, EV 80.0 MPH)
|
|
Batting: RHB Paul Ngumi
|
0-0: Ball 1-0: Ball 2-0: Called Strike 2-1: Ball 3-1: Base on Balls
|
|
Batting: RHB Edwin Sierra
|
0-0: Ball 1-0: Called Strike 1-1: Swinging Strike 1-2: Strikes out swinging, 2-3 out at first.
|
| Bottom of the 2nd over - 0 runs, 0 hits, 0 errors, 1 left on base; Great Falls 4 - Pulaski 0 |
| TOP OF THE 3RD |
|
Great Falls Voyagers batting - Pitching for Pulaski Yankees : RHP Alex Roman
|
|
Batting: SHB Rob Haney
|
0-0: Foul Ball, location: 2F 0-1: Fly out, F9 (Flyball, 9, EV 92.5 MPH)
|
|
Batting: RHB Billy Grubbs
|
0-0: Foul Ball, location: 2F 0-1: Called Strike 0-2: Ball 1-2: Strikes out swinging
|
|
Batting: RHB Mitch Cuadros
|
0-0: Called Strike 0-1: Ground out 6-3 (Groundball, 6, EV 89.4 MPH)
|
| Top of the 3rd over - 0 runs, 0 hits, 0 errors, 0 left on base; Great Falls 4 - Pulaski 0 |
| BOTTOM OF THE 3RD |
|
Pulaski Yankees batting - Pitching for Great Falls Voyagers : RHP Juan Reyes
|
|
Batting: RHB Mustafa bin Gamali
|
0-0: Foul Ball, location: 2F 0-1: Foul Ball, location: 2F 0-2: Ball 1-2: Ball 2-2: Ball 3-2: Foul Ball, location: 2F 3-2: Strikes out looking
|
|
Batting: RHB Ken Stair
|
0-0: Called Strike 0-1: Called Strike 0-2: Ball 1-2: Ball 2-2: Foul Ball, location: 2F 2-2: Strikes out swinging
|
|
Batting: LHB Justin Short
|
0-0: Ball 1-0: Swinging Strike 1-1: Called Strike 1-2: Ball 2-2: Foul Ball, location: 2F 2-2: Ball 3-2: Base on Balls
|
|
Batting: LHB Carlos Palau
|
0-0: Ground out 4-3 (Groundball, 4, EV 105.0 MPH)
|
| Bottom of the 3rd over - 0 runs, 0 hits, 0 errors, 1 left on base; Great Falls 4 - Pulaski 0 |
| TOP OF THE 4TH |
|
Great Falls Voyagers batting - Pitching for Pulaski Yankees : RHP Alex Roman
|
|
Batting: RHB Tommy Ellington
|
0-0: Called Strike 0-1: Ball 1-1: Ball 2-1: Ball 3-1: Ground out 1-3 (Groundball, 15S, EV 70.6 MPH)
|
|
Batting: RHB Brad Adams Jr.
|
0-0: SINGLE (Line Drive, 9S, EV 95.0 MPH)
|
|
Batting: LHB Jose Pereyra
|
0-0: Fielders Choice at 2nd, 4-6 (Groundball, 4, EV 105.6 MPH)
|
|
Batting: RHB Enrique Gomez
|
0-0: Fielders Choice at 2nd, 5-4 (Groundball, 56, EV 86.9 MPH)
|
| Top of the 4th over - 0 runs, 1 hit, 0 errors, 1 left on base; Great Falls 4 - Pulaski 0 |
| BOTTOM OF THE 4TH |
|
Pulaski Yankees batting - Pitching for Great Falls Voyagers : RHP Juan Reyes
|
|
Batting: RHB Yasuoka Tsuda
|
0-0: Ball 1-0: Foul Ball, location: 2F 1-1: Swinging Strike 1-2: Foul Ball, location: 2F 1-2: Foul Ball, location: 2F 1-2: Ball 2-2: Strikes out swinging
|
|
Batting: RHB Michael Patterson
|
0-0: Ball 1-0: Swinging Strike 1-1: Called Strike 1-2: Ball 2-2: Ball 3-2: Foul Ball, location: 2F 3-2: Fly out, F7 (Line Drive, 7S, EV 106.2 MPH)
|
|
Batting: SHB Dylan Best
|
0-0: SINGLE (Line Drive, 3D, EV 99.4 MPH)
|
|
Batting: RHB Paul Ngumi
|
0-0: Ball 1-0: Foul Ball, location: 2F 1-1: Called Strike 1-2: Foul Ball, location: 2F 1-2: Strikes out swinging
|
| Bottom of the 4th over - 0 runs, 1 hit, 0 errors, 1 left on base; Great Falls 4 - Pulaski 0 |
| TOP OF THE 5TH |
|
Great Falls Voyagers batting - Pitching for Pulaski Yankees : RHP Alex Roman
|
|
Batting: RHB Andy Cotton
|
0-0: Ball 1-0: Ball 2-0: Called Strike 2-1: Ball 3-1: Base on Balls
|
|
Batting: RHB Russ Cornett
|
0-0: Ball 1-0: Ball 2-0: Ball Wild Pitch! Andy Cotton to second 3-0: Base on Balls
|
|
Batting: SHB Rob Haney
|
0-0: Ball 1-0: Foul Ball, location: 2F 1-1: Ball 2-1: Swinging Strike 2-2: Strikes out swinging
|
|
Batting: RHB Billy Grubbs
|
0-0: Ball 1-0: Ball 2-0: Fly out, F8 (Flyball, 8RXD, EV 93.8 MPH) Runner from 2nd tags up, SAFE at 3rd, no throw by CF
|
|
Batting: RHB Mitch Cuadros
|
0-0: Ball 1-0: Ball 2-0: Swinging Strike 2-1: Fly out, F8 (Flyball, 8LD, EV 98.1 MPH)
|
| Top of the 5th over - 0 runs, 0 hits, 0 errors, 2 left on base; Great Falls 4 - Pulaski 0 |
| BOTTOM OF THE 5TH |
|
Pulaski Yankees batting - Pitching for Great Falls Voyagers : RHP Juan Reyes
|
|
Batting: RHB Edwin Sierra
|
0-0: Ball 1-0: Swinging Strike 1-1: Foul Ball, location: 2F 1-2: Strikes out swinging
|
|
Batting: RHB Mustafa bin Gamali
|
0-0: Called Strike 0-1: Ball 1-1: SINGLE (Line Drive, 9LS, EV 86.9 MPH)
|
|
Batting: RHB Ken Stair
|
0-0: Ball 1-0: Fly out, F9 (Flyball, 9, EV 89.4 MPH)
|
|
Batting: LHB Justin Short
|
0-0: Ball 1-0: Called Strike 1-1: Fielders Choice at 2nd, 5-4 (Groundball, 5, EV 107.5 MPH)
|
| Bottom of the 5th over - 0 runs, 1 hit, 0 errors, 1 left on base; Great Falls 4 - Pulaski 0 |
| TOP OF THE 6TH |
|
Great Falls Voyagers batting - Pitching for Pulaski Yankees : RHP Alex Roman
|
|
Batting: RHB Tommy Ellington
|
0-0: Ball 1-0: Ball 2-0: Ball 3-0: Base on Balls
|
|
Batting: RHB Brad Adams Jr.
|
0-0: Ball 1-0: Ball 2-0: Called Strike 2-1: DOUBLE (Line Drive, 7LM, EV 91.9 MPH) Tommy Ellington to third
|
|
Pitching: RHP Eric Patrick
|
|
|
Batting: LHB Jose Pereyra
|
0-0: Ball 1-0: Called Strike 1-1: SINGLE (Groundball, 15S, EV 72.5 MPH) (infield hit)
|
|
Batting: RHB Enrique Gomez
|
0-0: Ball 1-0: Fly out, F7 (Flyball, 78S, EV 95.0 MPH)
|
|
Batting: RHB Andy Cotton
|
0-0: Ball 1-0: Grounds into fielders choice U2 (Groundball, 2R, EV 68.8 MPH) Brad Adams Jr. to third Jose Pereyra to second
|
|
Batting: RHB Russ Cornett
|
0-0: Foul Ball, location: 2F 0-1: GRAND SLAM HOME RUN (Flyball, 78XD, EV 110.0 MPH), Distance : 416 ft
|
|
Batting: SHB Rob Haney
|
0-0: Fly out, F7 (Line Drive, 7, EV 89.4 MPH)
|
| Top of the 6th over - 4 runs, 3 hits, 0 errors, 0 left on base; Great Falls 8 - Pulaski 0 |
| BOTTOM OF THE 6TH |
|
Pulaski Yankees batting - Pitching for Great Falls Voyagers : RHP Juan Reyes
|
|
Batting: LHB Carlos Palau
|
0-0: Ground out 4-3 (Groundball, 4, EV 101.9 MPH)
|
|
Batting: RHB Yasuoka Tsuda
|
0-0: Called Strike 0-1: Ball 1-1: SOLO HOME RUN (Flyball, 78XD, EV 106.9 MPH), Distance : 411 ft
|
|
Batting: RHB Michael Patterson
|
0-0: Ball 1-0: Ball 2-0: Ball 3-0: Base on Balls
|
|
Pitching: RHP Matt Christensen
|
|
|
Batting: SHB Dylan Best
|
0-0: Swinging Strike 0-1: SINGLE (Line Drive, 5D, EV 105.6 MPH) Michael Patterson to second
|
|
Batting: RHB Paul Ngumi
|
0-0: Called Strike 0-1: Foul Ball, location: 2F 0-2: Ball 1-2: Fielders Choice at 2nd, 6-4 (Groundball, 6, EV 80.0 MPH) Michael Patterson to third
|
|
Batting: RHB Edwin Sierra
|
0-0: Ball 1-0: Foul Ball, location: 2F 1-1: Ball 2-1: SINGLE (Groundball, 4D, EV 100.0 MPH) Michael Patterson scores Paul Ngumi to second
|
|
Batting: RHB Mustafa bin Gamali
|
0-0: Ground out 4-3 (Groundball, 4S, EV 93.1 MPH)
|
| Bottom of the 6th over - 2 runs, 3 hits, 0 errors, 2 left on base; Great Falls 8 - Pulaski 2 |
| TOP OF THE 7TH |
|
Great Falls Voyagers batting - Pitching for Pulaski Yankees : RHP Eric Patrick
|
|
Batting: RHB Billy Grubbs
|
0-0: Ball 1-0: Foul Ball, location: 2F 1-1: Foul Ball, location: 2F 1-2: Ball 2-2: Ball 3-2: Foul Ball, location: 2F 3-2: Foul Ball, location: 2F 3-2: Foul Ball, location: 2F 3-2: Base on Balls
|
|
Batting: RHB Mitch Cuadros
|
0-0: Ball 1-0: Foul Ball, location: 2F 1-1: Ball 2-1: Fly out, F6 (Popup, 6MS, EV 86.9 MPH)
|
|
Batting: RHB Tommy Ellington
|
0-0: Called Strike 0-1: Ball 1-1: Foul Ball, location: 2F 1-2: Ball 2-2: Strikes out swinging
|
|
Batting: RHB Brad Adams Jr.
|
0-0: Ball 1-0: Ball 2-0: DOUBLE (Flyball, 89D, EV 94.4 MPH) Billy Grubbs to third
|
|
Batting: LHB Jose Pereyra
|
0-0: Swinging Strike 0-1: Called Strike 0-2: Ground out 6-3 (Groundball, 6, EV 88.8 MPH)
|
| Top of the 7th over - 0 runs, 1 hit, 0 errors, 2 left on base; Great Falls 8 - Pulaski 2 |
| BOTTOM OF THE 7TH |
|
Pulaski Yankees batting - Pitching for Great Falls Voyagers : RHP Matt Christensen
|
|
Batting: RHB Ken Stair
|
0-0: Fly out, F8 (Flyball, 8LD, EV 105.6 MPH)
|
|
Batting: LHB Justin Short
|
0-0: Ball 1-0: Called Strike 1-1: Ball 2-1: Swinging Strike 2-2: Ball 3-2: SINGLE (Groundball, 34D, EV 93.8 MPH)
|
|
Batting: LHB Carlos Palau
|
0-0: Called Strike 0-1: Foul Ball, location: 2F 0-2: Ball 1-2: SINGLE (Line Drive, 5D, EV 105.0 MPH) Justin Short to second
|
|
Batting: RHB Yasuoka Tsuda
|
0-0: Called Strike 0-1: Ball 1-1: Ball 2-1: Ball 3-1: Base on Balls Justin Short to third Carlos Palau to second
|
|
Pitching: LHP Yusufu Mustafa
|
|
|
Batting: RHB Michael Patterson
|
0-0: Ball 1-0: Grounds into fielders choice 1-2 (Groundball, 25, EV 71.2 MPH) Carlos Palau to third Yasuoka Tsuda to second
|
|
Batting: SHB Dylan Best
|
0-0: Ball 1-0: Swinging Strike 1-1: Ball 2-1: Foul Ball, location: 2F 2-2: Strikes out swinging
|
| Bottom of the 7th over - 0 runs, 2 hits, 0 errors, 3 left on base; Great Falls 8 - Pulaski 2 |
| TOP OF THE 8TH |
|
Great Falls Voyagers batting - Pitching for Pulaski Yankees : RHP Eric Patrick
|
|
Batting: RHB Enrique Gomez
|
0-0: Swinging Strike 0-1: Called Strike 0-2: Ball 1-2: Strikes out looking
|
|
Batting: RHB Andy Cotton
|
0-0: Called Strike 0-1: Foul Ball, location: 2F 0-2: Ground out 4-3 (Groundball, 4, EV 100.6 MPH)
|
|
Batting: RHB Russ Cornett
|
0-0: Ball 1-0: SINGLE (Groundball, 5D, EV 103.8 MPH)
|
|
Batting: SHB Rob Haney
|
0-0: Foul Ball, location: 2F 0-1: Swinging Strike 0-2: Strikes out swinging
|
| Top of the 8th over - 0 runs, 1 hit, 0 errors, 1 left on base; Great Falls 8 - Pulaski 2 |
| BOTTOM OF THE 8TH |
|
Pulaski Yankees batting - Pitching for Great Falls Voyagers : LHP Yusufu Mustafa
|
|
Batting: RHB Paul Ngumi
|
0-0: Foul Ball, location: 2F 0-1: Ball 1-1: Ball 2-1: Ball 3-1: Base on Balls
|
|
Batting: RHB Edwin Sierra
|
0-0: Ball 1-0: Ball 2-0: Ball 3-0: DOUBLE (Line Drive, 9LS, EV 106.2 MPH) Paul Ngumi to third
|
|
Pitching: RHP Jose Rodriguez
|
|
|
Batting: RHB Mustafa bin Gamali
|
0-0: Foul Ball, location: 2F 0-1: Foul Ball, location: 2F 0-2: Strikes out looking
|
|
Batting: RHB Ken Stair
|
0-0: Swinging Strike 0-1: Foul Ball, location: 2F 0-2: Ball 1-2: Strikes out swinging
|
|
Batting: LHB Justin Short
|
0-0: Foul Ball, location: 2F 0-1: Ball 1-1: DOUBLE (Line Drive, 78M, EV 101.9 MPH) Paul Ngumi scores Edwin Sierra scores
|
|
Batting: LHB Carlos Palau
|
0-0: Ball 1-0: Foul Ball, location: 2F 1-1: Ball Wild Pitch! Justin Short to third 2-1: Foul Ball, location: 2F 2-2: Strikes out swinging
|
| Bottom of the 8th over - 2 runs, 2 hits, 0 errors, 1 left on base; Great Falls 8 - Pulaski 4 |
| TOP OF THE 9TH |
|
Great Falls Voyagers batting - Pitching for Pulaski Yankees : RHP Eric Patrick
|
|
Pitching: RHP Jon Campbell
|
|
|
Batting: RHB Billy Grubbs
|
0-0: Ball 1-0: Called Strike 1-1: Swinging Strike 1-2: Foul Ball, location: 2F 1-2: Ball 2-2: Strikes out swinging
|
|
Batting: RHB Mitch Cuadros
|
0-0: Ball 1-0: Swinging Strike 1-1: Ball 2-1: Called Strike 2-2: Ground out 6-3 (Groundball, 6, EV 86.2 MPH)
|
|
Batting: RHB Tommy Ellington
|
0-0: Called Strike 0-1: Foul Ball, location: 2F 0-2: Strikes out looking
|
| Top of the 9th over - 0 runs, 0 hits, 0 errors, 0 left on base; Great Falls 8 - Pulaski 4 |
| BOTTOM OF THE 9TH |
|
Pulaski Yankees batting - Pitching for Great Falls Voyagers : RHP Jose Rodriguez
|
|
Batting: RHB Yasuoka Tsuda
|
0-0: Ball 1-0: Ball 2-0: Called Strike 2-1: Foul Ball, location: 2F 2-2: Strikes out swinging
|
|
Batting: RHB Michael Patterson
|
0-0: Called Strike 0-1: Ball 1-1: Foul Ball, location: 2F 1-2: Ball 2-2: Ground out U3 (Groundball, 34, EV 95.6 MPH)
|
|
Batting: SHB Dylan Best
|
0-0: Called Strike 0-1: Ball 1-1: Fly out, F7 (Flyball, 7S, EV 83.1 MPH)
|
| Bottom of the 9th over - 0 runs, 0 hits, 0 errors, 0 left on base; Great Falls 8 - Pulaski 4 |
|